 Dungeon Crawl Stone Soup version 0.30-a0-393-g54b8e3be05 (webtiles) character file.

Game seed: 12932376944175202449

6510 Armakuni the Nimble (level 11, -6/139 HPs)
             Began as a Gnoll Gladiator on Dec 5, 2022.
             Was an Initiate of Ru.
             Killed from afar by a kobold (8 damage)
             ... with a bolt of light
             ... on level 9 of the Dungeon.
             The game lasted 00:17:59 (7509 turns).

Armakuni the Nimble (Gnoll Gladiator)               Turns: 7509, Time: 00:18:01

Health: -6/139     AC: 16    Str: 13    XL:     11   Next: 0%
Magic:  0/20       EV: 12    Int: 13    God:    Ru [......]
Gold:   1435       SH:  0    Dex: 13    Spells: 22/22 levels left

rFire   + + .      SeeInvis .    a - +5 rapier of Makhleb's Delight {drain, *Rage rElec rF++}
rCold   . . .      Faith    .    (no shield)
rNeg    . . .      Spirit   +    i - +0 scale mail
rPois   .          Reflect  .    c - +0 helmet
rElec   +          Harm     .    z - +0 cloak
rCorr   .          Rampage  .    I - +0 pair of gloves
Will    .....      Rage     20%  g - +0 pair of boots
Stlth   ..........               G - amulet of guardian spirit
HPRegen 1.23/turn                L - ring of flight
MPRegen 0.17/turn                A - +4 ring of protection

@: confused, berserking, lethally poisoned (-6 -> -6), flying, slowed
A: fangs 1, strong nose, distributed training, claws 1, talons 1, regeneration
1, robust 1
a: Renounce Religion, Sacrifice Arcana, Sacrifice Durability, Sacrifice Drink,
Reject Sacrifices


You were on level 9 of the Dungeon.
You worshipped Ru.
Ru was noncommittal.
You visited 2 branches of the dungeon, and saw 10 of its levels.
You also visited: Sewer.

You collected 1435 gold pieces.

Inventory:

Hand Weapons
 a - the +5 rapier of Makhleb's Delight (weapon) {drain, *Rage rElec rF++}
   (You found it on level 6 of the Dungeon)

   A truly terrible weapon, it drains the life of any living foe it strikes.
   rF:        It greatly protects you from fire.
   rElec:     It insulates you from electricity.
   *Rage:     It berserks you when you make melee attacks (+20% chance).
 b - a +0 vampiric quarterstaff
 p - a +3 vorpal quarterstaff
 C - a +5 rapier of venom
 E - a +0 broad axe
Missiles
 e - a javelin
 s - 7 boomerangs (quivered)
 x - a throwing net
Armour
 c - a +0 helmet (worn)
 g - a +0 pair of boots (worn)
 i - a +0 scale mail (worn)
 z - a +0 cloak (worn)
 I - a +0 pair of gloves (worn)
Jewellery
 A - a +4 ring of protection (right hand)
 G - an amulet of guardian spirit (around neck)
 L - a ring of flight (left hand)
 M - an amulet of magic regeneration
 U - an amulet of faith
Wands
 q - a wand of paralysis (8)
 y - a wand of roots (7)
Scrolls
 j - 5 scrolls of immolation
 l - a scroll of magic mapping
 n - 4 scrolls of enchant armour
 t - 4 scrolls of fear
 F - a scroll of torment {unknown}
 H - 3 scrolls of identify
 J - a scroll of teleportation {unknown}
Potions
 d - a potion of brilliance
 f - 2 potions of haste
 h - 3 potions of heal wounds
 k - 2 potions of degeneration {unknown}
 m - a potion of flight {unknown}
 o - a potion of mutation
 r - 2 potions of magic {unknown}
 u - 3 potions of might {unknown}
 v - a potion of cancellation {unknown}
 w - a potion of invisibility {unknown}
 B - 3 potions of curing


   Skills:
 + Level 7.6 Fighting
 + Level 6.0 Short Blades
 + Level 6.0 Long Blades
 + Level 6.0 Axes
 + Level 6.0 Maces & Flails
 + Level 6.0 Polearms
 + Level 9.0 Staves
 + Level 6.0 Ranged Weapons
 + Level 7.6 Throwing
 + Level 6.0 Armour
 + Level 9.0 Dodging
 + Level 6.0 Stealth
 + Level 6.0 Shields
 + Level 6.0 Unarmed Combat
 + Level 6.0 Spellcasting
 + Level 5.0 Conjurations
 + Level 5.0 Hexes
 + Level 5.0 Summonings
 + Level 5.0 Necromancy
 + Level 5.0 Translocations
 + Level 5.0 Transmutations
 + Level 5.0 Fire Magic
 + Level 5.0 Ice Magic
 + Level 5.0 Air Magic
 + Level 5.0 Earth Magic
 + Level 5.0 Poison Magic
 + Level 6.6 Invocations
 + Level 6.0 Evocations


You had 22 spell levels left.
You didn't know any spells.
Your spell library contained the following spells:

 Spells                   Type           Power      Damage    Failure   Level
 Gell's Gravitas          Tloc           16%        N/A       26%         3
 Teleport Other           Tloc           16%        N/A       26%         3
 Olgreb's Toxic Radiance  Pois           16%        N/A       65%         4
 Dispersal                Tloc           8%         N/A       100%        6
 Ozocubu's Refrigeration  Ice            8%         4d9       100%        7
 Ignition                 Fire           8%         3d5       100%        8


Dungeon Overview and Level Annotations

Branches:
Dungeon (9/15)             Temple (1/1) D:5           Sewer (visited)
   Lair: D:8-11         Orc: D:9-12

Altars:
Ashenzari
Cheibriados
Dithmenos
Elyvilon
Fedhas
Gozag
Hepliaklqana
Makhleb
Okawaru
Qazlal
Ru
Sif Muna
Trog
Uskayaw
Vehumet
Wu Jian
Xom
Zin
The Shining One

Annotations:
D:9 1 runed translucent door, exclusion: door, MackTheKnife's ghost, journeyman DjCA


Innate Abilities, Weirdness & Mutations

You have very sharp teeth.
Your uncanny sense of smell can sniff out nearby items.
Your experience applies equally to all skills.
You have sharp fingernails.
You have sharp toenails.
Your natural rate of healing is unusually fast.
You are robust. (+10% HP)


Message History

The kobold barely misses you.
The kobold zaps a wand.
The bolt of light hits the kobold!!
The kobold dies!
The bolt of light hits the kobold!
The kobold dies!
The bolt of light hits you.
* * * LOW HITPOINT WARNING * * *
A red film seems to cover your vision as you go berserk!
You feel yourself moving faster!
You feel mighty!
You barely miss the kobold brigand. Your bite misses the kobold brigand.
The kobold brigand is moderately wounded.
You feel very sick.
The kobold brigand seems less drained.
The kobold brigand hits you with the +10 hand axe of Beruz {vorpal, rN+ Dex+2}!
* * * LOW HITPOINT WARNING * * *
x2 The kobold hits you but does no damage.
The kobold misses you.
You are too berserk!
You hit the kobold brigand.
The kobold brigand is moderately wounded.
You feel sick.
The kobold brigand hits you but does no damage.
The kobold misses you.
The kobold zaps a wand.
The bolt of light hits the kobold!
The kobold dies!
The bolt of light hits you!
You are confused.
* * * LOW HITPOINT WARNING * * *
The kobold hits you but does no damage. The centaur attacks as you move away!
The centaur hits you but does no damage.
The centaur closely misses you.
You feel sick.
The centaur wields a +0 shortbow.
The centaur shoots an arrow.
The arrow misses you. The kobold closely misses you.
The kobold brigand misses you.
You're too confused to move!
You feel a strong urge to attack something.
You feel sick.
The kobold zaps a wand.
The bolt of light hits the kobold!
The kobold dies!
The bolt of light hits you!
You die...

#.....))............
#.....))))........##
###.....)#)###......#.
#........#...#......#.
#........#...#......#.
#........#...#......##
#........#...#........
#........#...#...#####
#....@KK.#...#...#
#....K)..#########
#....c)K.# ######)..#
## #...##. ##
#...#>... 8# #...##...
## #...##8.. # ....#
##8 #


You could see a kobold brigand, a centaur and 3 kobolds.

Vanquished Creatures
  2 two-headed ogres
  Pikel (D:4)
  2 hornets (D:8)
  Grinder (D:3)
  Sigmund (D:2)
  A shadow (D:8)
  3 wyverns
  A steam dragon (D:9)
  4 water moccasins
  Duvessa (D:4)
  Pargi (D:4)
  A sky beast (D:7)
  2 ice beasts
  4 orc warriors
  2 black bears
  2 centaurs
  2 phantoms
  A kobold brigand (D:6)
  A necrophage (D:6)
  2 scorpions
  A bullfrog (D:7)
  Dowan (D:4)
  A howler monkey (D:8)
  2 jellies
  9 orc priests
  2 gnoll boudas
  Crazy Yiuf (D:3)
  4 hounds
  Jessica (D:2)
  2 iguanas
  Terence (D:2)
  9 orc wizards
  2 ogre zombies (D:9)
  18 gnolls
  9 adders
  2 shadow imps (D:6)
  4 worms
  4 dart slugs
  28 orcs
  8 ball pythons
  7 endoplasms
  4 giant cockroaches
  3 goblins
  5 hobgoblins
  3 jackals (D:1)
  4 quokkas
  4 bats (D:1)
  8 frilled lizards
  A goblin skeleton (D:9)
  A goblin zombie (D:9)
  8 kobolds
  6 orc zombies (D:9)
  7 rats
205 creatures vanquished.

Vanquished Creatures (others)
  4 kobolds (D:9)
  3 plants (D:9)
7 creatures vanquished.

Grand Total: 212 creatures vanquished

Notes
Turn   | Place    | Note
-------+----------+-------------------------------------------
     0 | D:1      | Armakuni the Gnoll Gladiator began the quest for the Orb.
     0 | D:1      | Reached XP level 1. HP: 20/20 MP: 1/1
   114 | D:1      | Reached XP level 2. HP: 26/26 MP: 2/2
   603 | D:1      | Reached XP level 3. HP: 30/31 MP: 3/3
  1002 | D:1      | Reached skill level 1 in Invocations
  1012 | D:1      | Reached skill level 1 in Short Blades
  1012 | D:1      | Reached skill level 1 in Long Blades
  1012 | D:1      | Reached skill level 1 in Axes
  1012 | D:1      | Reached skill level 1 in Maces & Flails
  1012 | D:1      | Reached skill level 1 in Polearms
  1012 | D:1      | Reached skill level 1 in Ranged Weapons
  1012 | D:1      | Reached skill level 1 in Armour
  1012 | D:1      | Reached skill level 1 in Stealth
  1012 | D:1      | Reached skill level 1 in Shields
  1012 | D:1      | Reached skill level 1 in Unarmed Combat
  1012 | D:1      | Reached skill level 1 in Spellcasting
  1012 | D:1      | Reached skill level 1 in Evocations
  1099 | D:2      | Reached XP level 4. HP: 38/38 MP: 5/5
  1260 | D:2      | Noticed Sigmund
  1268 | D:2      | Gained mutation: Your natural rate of healing is unusually
                  | fast. [potion of mutation]
  1268 | D:2      | Gained mutation: You have sharp toenails. [potion of
                  | mutation]
  1268 | D:2      | Gained mutation: You are robust. (+10% HP) [potion of
                  | mutation]
  1268 | D:2      | Gained mutation: You have sharp fingernails. [potion of
                  | mutation]
  1277 | D:2      | Killed Sigmund
  1278 | D:2      | Reached skill level 1 in Conjurations
  1278 | D:2      | Reached skill level 1 in Hexes
  1278 | D:2      | Reached skill level 1 in Summonings
  1278 | D:2      | Reached skill level 1 in Necromancy
  1278 | D:2      | Reached skill level 1 in Translocations
  1278 | D:2      | Reached skill level 1 in Transmutations
  1278 | D:2      | Reached skill level 1 in Fire Magic
  1278 | D:2      | Reached skill level 1 in Ice Magic
  1278 | D:2      | Reached skill level 1 in Air Magic
  1278 | D:2      | Reached skill level 1 in Earth Magic
  1278 | D:2      | Reached skill level 1 in Poison Magic
  1278 | D:2      | Reached XP level 5. HP: 47/47 MP: 5/7
  1278 | D:2      | Reached XP level 6. HP: 55/55 MP: 5/8
  1453 | D:2      | Noticed Jessica
  1457 | D:2      | Killed Jessica
  1458 | D:2      | Reached skill level 5 in Fighting
  1458 | D:2      | Reached skill level 5 in Throwing
  1554 | D:2      | Noticed Terence
  1585 | D:2      | Killed Terence
  2015 | D:3      | Noticed Grinder
  2032 | D:3      | Paralysed by Grinder for 4 turns
  2059 | D:3      | Killed Grinder
  2060 | D:3      | Reached XP level 7. HP: 50/61 MP: 10/10
  2376 | D:3      | Found a runed translucent door.
  2377 | D:3      | Noticed Crazy Yiuf
  2525 | D:3      | Killed Crazy Yiuf
  2598 | D:4      | Noticed Dowan
  2599 | D:4      | Noticed Duvessa
  2662 | D:4      | Found a glowing drain.
  2712 | Sewer    | Entered a sewer
  3034 | D:4      | Noticed Pikel
  3070 | D:4      | Killed Pikel
  3071 | D:4      | Reached XP level 8. HP: 43/70 MP: 5/13
  3166 | D:4      | Killed Duvessa
  3180 | D:4      | Killed Dowan
  3247 | D:4      | Noticed Pargi
  3260 | D:4      | Killed Pargi
  3360 | D:4      | Found a bloodstained altar of Trog.
  3885 | D:5      | Entered Level 5 of the Dungeon
  3900 | D:5      | Reached XP level 9. HP: 75/75 MP: 11/14
  4182 | D:5      | Found a burning altar of Makhleb.
  4364 | D:5      | Found a staircase to the Ecumenical Temple.
  4370 | Temple   | Entered the Ecumenical Temple
  4535 | Temple   | Became a worshipper of Ru the Awakened
  4791 | D:6      | Reached skill level 5 in Invocations
  5282 | D:6      | Identified the +5 rapier of Makhleb's Delight {drain, *Rage
                  | rElec rF++}
  5470 | D:7      | Reached skill level 5 in Short Blades
  5470 | D:7      | Reached skill level 5 in Long Blades
  5470 | D:7      | Reached skill level 5 in Axes
  5470 | D:7      | Reached skill level 5 in Maces & Flails
  5470 | D:7      | Reached skill level 5 in Polearms
  5470 | D:7      | Reached skill level 5 in Ranged Weapons
  5470 | D:7      | Reached skill level 5 in Armour
  5470 | D:7      | Reached skill level 5 in Stealth
  5470 | D:7      | Reached skill level 5 in Shields
  5470 | D:7      | Reached skill level 5 in Unarmed Combat
  5470 | D:7      | Reached skill level 5 in Spellcasting
  5470 | D:7      | Reached skill level 5 in Evocations
  5470 | D:7      | Reached XP level 10. HP: 82/84 MP: 17/17
  6317 | D:8      | Noticed a two-headed ogre
  6327 | D:8      | Killed a two-headed ogre
  6439 | D:8      | Found a broken altar of Ashenzari.
  6966 | D:9      | Found a runed translucent door.
  7024 | D:9      | Noticed MackTheKnife's ghost (journeyman DjCA)
  7082 | D:9      | Noticed a two-headed ogre
  7089 | D:9      | Killed a two-headed ogre
  7205 | D:9      | Identified a scroll of acquirement
  7205 | D:9      | Acquired 929 gold pieces
  7440 | D:9      | Reached skill level 5 in Conjurations
  7440 | D:9      | Reached skill level 5 in Hexes
  7440 | D:9      | Reached skill level 5 in Summonings
  7440 | D:9      | Reached skill level 5 in Necromancy
  7440 | D:9      | Reached skill level 5 in Translocations
  7440 | D:9      | Reached skill level 5 in Transmutations
  7440 | D:9      | Reached skill level 5 in Fire Magic
  7440 | D:9      | Reached skill level 5 in Ice Magic
  7440 | D:9      | Reached skill level 5 in Air Magic
  7440 | D:9      | Reached skill level 5 in Earth Magic
  7440 | D:9      | Reached skill level 5 in Poison Magic
  7449 | D:9      | Reached XP level 11. HP: 93/93 MP: 14/20
  7495 | D:9      | Identified the +10 hand axe of Beruz {vorpal, rN+ Dex+2}
  7507 | D:9      | HP: 2/139 [kobold/bolt of light (11)]
  7509 | D:9      | Killed from afar by a kobold

Illustrated notes

Levels and vault maps discovered:
D:1:      erik_arrival_triangle_small, layout_basic,
          hangedman_abyss_or_decor_lesser_grid,
          amcnicky_mini_rare_corridor_liquid, minmay_tree_intersection
D:2:      layout_basic, chequers_mini_garden, uniq_jessica, uniq_sigmund,
          uniq_terence
D:3:      layout_loops_ring, uniq_crazy_yiuf_cottage, uniq_grinder
D:4:      layout_loops_ring, mainiacjoe_overflow_catwalk, portal_sewer_entry_f,
          minmay_pentangle, uniq_pikel, uniq_duvessa, uniq_pargi
D:5:      layout_cave_pools, mainiacjoe_overflow_cross_hatched,
          minmay_temple_entry_enclosed_plants
D:6:      layout_rooms, minmay_misc_feat_plants
D:7:      layout_gridville
D:8:      layout_basic, kennysheep_mini
D:9:      layout_irregular_city, nicolae_overflow_hidden_temple,
          zombieorc2_lemuel, hellmonk_ghost_big_iron, uniq_maurice, uniq_erica
Temple:   nicolae_temple_elliptical

Skill      XL: |  1  2  3  4  5  6  7  8  9 10 |
---------------+-------------------------------+-----
Invocations    | 1 2 3 4 5 6 |  6.6
Short Blades   | 1 2 3 5 6 |  6.0
Long Blades    | 1 2 3 5 6 |  6.0
Axes           | 1 2 3 5 6 |  6.0
Maces & Flails | 1 2 3 5 6 |  6.0
Polearms       | 1 2 3 5 6 |  6.0
Ranged Weapons | 1 2 3 5 6 |  6.0
Armour         | 1 2 3 5 6 |  6.0
Stealth        | 1 2 3 5 6 |  6.0
Shields        | 1 2 3 5 6 |  6.0
Unarmed Combat | 1 2 3 5 6 |  6.0
Spellcasting   | 1 2 3 5 6 |  6.0
Evocations     | 1 2 3 5 6 |  6.0
Conjurations   | 1 2 3 4 5 |  5.0
Hexes          | 1 2 3 4 5 |  5.0
Summonings     | 1 2 3 4 5 |  5.0
Necromancy     | 1 2 3 4 5 |  5.0
Translocations | 1 2 3 4 5 |  5.0
Transmutations | 1 2 3 4 5 |  5.0
Fire Magic     | 1 2 3 4 5 |  5.0
Ice Magic      | 1 2 3 4 5 |  5.0
Air Magic      | 1 2 3 4 5 |  5.0
Earth Magic    | 1 2 3 4 5 |  5.0
Poison Magic   | 1 2 3 4 5 |  5.0
Fighting       | 5 6 7 |  7.6
Throwing       | 5 6 7 |  7.6
Staves         | 7 8 9 |  9.0
Dodging        | 7 8 9 |  9.0

Action                   |  1- 3 |  4- 6 |  7- 9 | 10-12 || total
-------------------------+-------+-------+-------+-------++-------
Melee: Quarterstaff      |    72 |   119 |   134 |       ||   325
       Bite              |    10 |    10 |    54 |    21 ||    95
       Rapier            |       |       |   257 |   189 ||   446
       Punch             |       |       |     6 |     2 ||     8
Throw: Throwing net      |       |     6 |     3 |       ||     9
       Javelin           |       |       |     2 |       ||     2
       Boomerang         |       |       |     6 |     1 ||     7
  Use: Scroll            |       |     6 |     5 |     3 ||    14
       Potion            |       |     3 |     5 |       ||     8
 Stab: Sleeping          |     1 |       |     1 |       ||     2
       Held in net/web   |       |     2 |       |       ||     2
Armor: Leather armour    |    15 |       |       |       ||    15
       Ring mail         |    16 |    36 |       |       ||    52
       Scale mail        |       |     8 |   176 |   100 ||   284
Dodge: Dodged            |    46 |    79 |   225 |   145 ||   495

Table legend: (Time is in decaauts)
 A = Elapsed time spent in this place.
 B = Non-inter-level travel time spent in this place.
 C = Inter-level travel time spent in this place.
 D = Time resting spent in this place.
 E = Time spent auto-exploring this place.
 F = Levels seen in this place.
 G = Mean time per level.
                   A        B        C        D        E       F      G
               +--------+--------+--------+--------+--------+-----+--------+
         Total |   7635 |   7434 |    201 |    570 |   4937 |  11 |  694.1 |
       Dungeon |   7185 |   6993 |    192 |    570 |   4629 |   9 |  798.3 |
        Temple |    175 |    166 |      9 |      0 |    123 |   1 |  175.0 |
         Sewer |    274 |    274 |      0 |      0 |    185 |   1 |  274.0 |
               +--------+--------+--------+--------+--------+-----+--------+

Top non-repeatable levels by time:
     D:1: 1033 daAuts
     D:4: 1005 daAuts
     D:8: 925 daAuts
     D:7: 889 daAuts
     D:3: 863 daAuts
     D:2: 716 daAuts
     D:5: 668 daAuts
     D:6: 607 daAuts
     D:9: 474 daAuts
   Sewer: 274 daAuts
  Temple: 175 daAuts
